 Dungeon Sprint DCSS version 0.32-a0-473-gd044c6f0f0 (webtiles) character file.

Game seed: 9389307957937401581

138 rocky1 the Cudgeller (level 5, -6/42 HPs)
             Began as a Coglin Gladiator on Feb 26, 2024.
             Mangled by a shadow (23 damage)
             ... in the Dungeon (Sprint III: "The Ten Rune Challenge").
             The game lasted 00:02:15 (497 turns).

rocky1 the Cudgeller (Coglin Gladiator)              Turns: 497, Time: 00:02:16

Health: -6/42      AC:  4    Str: 16    XL:     5   Next: 21%
Magic:  5/5        EV: 14    Int:  8    God:
Gold:   19         SH:  0    Dex: 15    Spells: 4/4 levels left

rFire   . . .        a - +0 flail {Dagmar}
rCold   . . .        (no shield)
rNeg    . . .        b - +0 leather armour
rPois   .            c - +0 helmet
rElec   .            (no cloak)
rCorr   .            (no gloves)
SInv    .            (no boots)
Will    .....        (no amulet)
Stlth   +            (ring unavailable)
HPRegen 0.27/turn    (ring unavailable)
MPRegen 0.09/turn

%: no teleportation
@: revved
A: off-hand wielding, slow wielding, warmup strikes, no rings
a: no special abilities


You were in the Dungeon.
You visited 1 branch You collected 19 gold pieces.

Inventory:

Hand Weapons
 a - a +0 flail (weapon) {Dagmar}
Missiles
 d - 3 throwing nets (quivered)
 e - a javelin
Armour
 b - a +0 leather armour (worn)
 c - a +0 helmet (worn)
Scrolls
 k - a scroll of blinking
 m - a scroll of revelation {unknown}
 o - a scroll of immolation {unknown}
 p - a scroll of identify {unknown}
 q - a scroll of torment {unknown}
 r - a scroll of vulnerability {unknown}
Potions
 f - a potion of curing
 g - a potion of heal wounds
 h - a potion of haste
 i - 3 potions of magic
 l - a potion of might {unknown}
 n - 4 potions of mutation {unknown}
 s - 2 potions of enlightenment


   Skills:
 + Level 3.9 Fighting
 * Level 6.9 Maces & Flails
 - Level 2.3 Throwing
 + Level 2.0 Armour
 + Level 5.6 Dodging


You had 4 spell levels left.
You didn't know any spells.
Your spell library was empty.

Dungeon Overview and Level Annotations

Branches:
Dungeon (1/1)

Altars:


Innate Abilities, Weirdness & Mutations

You can wield a second weapon in your off-hand.
It takes a long time for you to wield or remove held weapons.
Your first few attacks do less damage.
Your grasper-arms cannot wear rings.


Message History

You kill the jelly!
Your Armour skill increases to level 2!
You have reached level 5!
You start resting.
You are no longer corroded.
You start resting.
HP restored.
You start waiting.
Done waiting.
A shadow comes into view.
There is an open door here.
You barely miss the shadow. The shadow misses you.
You barely miss the shadow. The shadow completely misses you.
You hit the shadow.
The shadow is lightly damaged.
The shadow misses you.
You hit the shadow.
The shadow is moderately damaged.
The shadow barely misses you.
You sock the shadow!
The shadow is severely damaged.
The shadow misses you.
The shadow slips into darkness.
The shadow flickers and vanishes!
Deactivating autopickup; reactivate with Ctrl-A.
You closely miss something.
The shadow strikes at you from the darkness!
Reactivating autopickup.
You hit the shadow but do no damage.
The shadow is severely damaged.
The shadow hits you!
You hit the shadow but do no damage.
The shadow is severely damaged.
The shadow slips into darkness.
The shadow flickers and vanishes!
Deactivating autopickup; reactivate with Ctrl-A.
You barely miss something.
The shadow strikes at you from the darkness!
Ouch! That really hurt!
You die...

▓ ▓▓▓ ♣♣ ♣.# .♣
♣♣.# ♣ ..#
♣♣♣♣♣.###+#+###+##
...♣..#..........#
~.♣.♣.'.⌠........#
~~~.♣.#...######@#
~~....#.⌠.# #.{.#
~.....#...# #...#
......#+### #...#
......# #...+
†.....# +...#
▓▓▓▓▓▓▓ ▓▓▓▓▓


There were no monsters in sight!

Vanquished Creatures
  A water elemental (D)
  A jelly (D)
  Jessica (D)
  A human (D)
  A phantom (D)
  An endoplasm (D)
  2 rats (D)
8 creatures vanquished.

Notes
Turn   | Place    | Note
-------+----------+-------------------------------------------
     0 | D        | rocky1 the Coglin Gladiator began the quest for the Orb.
     0 | D        | Reached XP level 1. HP: 16/16 MP: 1/1
    10 | D        | Reached skill level 3 in Maces & Flails
    27 | D        | Noticed Jessica
    31 | D        | Killed Jessica
    32 | D        | Reached skill level 4 in Maces & Flails
    32 | D        | Reached XP level 2. HP: 15/23 MP: 2/2
    32 | D        | Reached XP level 3. HP: 18/28 MP: 3/3
   138 | D        | Reached skill level 5 in Maces & Flails
   211 | D        | Noticed a water elemental
   215 | D        | Killed a water elemental
   216 | D        | Reached skill level 6 in Maces & Flails
   216 | D        | Reached skill level 1 in Armour
   216 | D        | Reached skill level 5 in Dodging
   216 | D        | Reached XP level 4. HP: 30/35 MP: 4/4
   282 | D        | Reached XP level 5. HP: 14/42 MP: 5/5
   488 | D        | Noticed a shadow
   497 | D        | Mangled by a shadow

Illustrated notes

Levels and vault maps discovered:
D:        dungeon_sprint_mu [sprint_mu_entry_forest, sprint_mu_temple_rooms,
          sprint_mu_d1_spiders, sprint_mu_d2_genie, sprint_mu_d3_branching,
          sprint_mu_orc_legion, sprint_mu_elf_gauntlet, sprint_mu_hive_nellie,
          sprint_mu_lair_fedhas, sprint_mu_vaults_butterflies,
          sprint_mu_slime_circle, sprint_mu_swamp_cave, sprint_mu_snake_twists,
          sprint_mu_blade_basic, sprint_mu_crypt_lich, sprint_mu_tomb_spiral,
          sprint_mu_vestibule_basic, sprint_mu_gehenna_hellfire,
          sprint_mu_dis_giant, sprint_mu_tartarus_statrot,
          sprint_mu_cocytus_islands, sprint_mu_zot1]

Skill      XL: |  1  2  3  4 |
---------------+-------------+-----
Maces & Flails | 4 6 |  6.9
Dodging        | 4 5 |  5.6
Throwing       | 2 |  2.3
Fighting       | 3 |  3.9
Armour         | 1 2 |  2.0

Action                     |  1- 3 |  4- 6 || total
---------------------------+-------+-------++-------
  Melee: Flail             |    35 |    13 ||    48
    Use: Potion            |     1 |       ||     1
 Armour: Leather armour    |    14 |     5 ||    19
  Dodge: Dodged            |    25 |     6 ||    31

Table legend: (Time is in decaauts)
 A = Elapsed time spent in this place.
 B = Non-inter-level travel time spent in this place.
 C = Inter-level travel time spent in this place.
 D = Time resting spent in this place.
 E = Time spent auto-exploring this place.
 F = Levels seen in this place.
 G = Mean time per level.
                   A        B        C        D        E       F      G
               +--------+--------+--------+--------+--------+-----+--------+
         Total |    519 |    519 |      0 |    357 |      0 |   1 |  519.0 |
       Dungeon |    519 |    519 |      0 |    357 |      0 |   1 |  519.0 |
               +--------+--------+--------+--------+--------+-----+--------+

Top non-repeatable levels by time:
       D: 519 daAuts
